 Dungeon Crawl Stone Soup version 0.14-a0-2432-g6b3afca (webtiles) character file.

153 HollowCharge the Covered (level 4, -6/29 HPs)
             Began as a Tengu Fighter on Feb 4, 2014.
             Killed by divine providence
             ... invoked by an orc priest
              (12 damage)
             ... on Level 3 of the Dungeon.
             The game lasted 00:07:47 (2295 turns).

HollowCharge the Covered (Tengu Fighter)            Turns: 2295, Time: 00:07:48

HP  -6/29        AC  5     Str 17      XL: 4   Next: 91%
MP   5/5         EV  7     Int  8      God:
Gold 43          SH 18     Dex 14      Spells:  0 memorised,  3 levels left

rFire  . . .     SeeInvis .     a - +0 falchion
rCold  . . .     Clarity  .     e - +0 ring mail (curse)
rNeg   . . .     Conserve .     c - +0 shield
rPois  .         rCorr    .     (helmet restricted)
rElec  .         rRot     .     (no cloak)
SustAb . .       Spirit   .     (no gloves)
rMut   .         Warding  .     (boots unavailable)
Saprov . . .     Stasis   .     (no amulet)
MR     .....                    (no ring)
                                (no ring)

@: not resistant to hostile enchantments, very unstealthy
A: beak, talons 3
a: no special abilities


You were on level 3 of the Dungeon.
You were very hungry.

You visited 1 branch of the dungeon, and saw 3 of its levels.

You collected 43 gold pieces.

Inventory:

Hand weapons
 a - a +0,+0 falchion (weapon)
Armour
 b - a +0 scale mail
 c - a +0 shield (worn)
 e - a cursed +0 ring mail (worn)
 g - a +0 ring mail
Comestibles
 d - 2 bread rations
 n - a rambutan
 p - a meat ration
 q - an apple
 u - a rotting chunk of bat flesh
Scrolls
 f - a scroll of curse weapon {unknown}
 i - 3 scrolls of remove curse {unknown}
 l - 2 scrolls of enchant armour {unknown}
 m - a scroll of curse armour {unknown}
 o - 2 scrolls of identify {unknown}
 s - a scroll of immolation {unknown}
 t - a scroll of enchant weapon I {unknown}
Potions
 h - a potion of invisibility {unknown}
 j - a potion of restore abilities {unknown}
 k - 2 potions of curing {unknown}
 r - a potion of agility {unknown}


   Skills:
 + Level 3.7 Fighting
 * Level 3.4 Long Blades
 + Level 3.8 Armour
 + Level 1.5 Dodging
 + Level 3.4 Shields


You had 3 spell levels left.
You didn't know any spells.

Dungeon Overview and Level Annotations

Branches:
Dungeon (3/16)

Altars:
Cheibriados


Innate Abilities, Weirdness & Mutations

You have a beak for a mouth.
You have claws for feet.


Message History

The magic dart hits you!
* * * LOW HITPOINT WARNING * * *
The orc priest hits you but does no damage.
The orc wizard hits you but does no damage.
An orc comes into view. It is wielding an orcish hand axe.
You closely miss the orc priest.
You claw the orc priest, but do no damage.
The orc priest is lightly wounded.
You block the orc wizard's attack. The orc priest barely misses you.
The orc moves out of view.
The orc wizard hits you but does no damage.
The orc priest looks braver.
You hit the orc priest. Your kick misses the orc priest.
You peck the orc priest.
The orc priest is heavily wounded.
The orc wizard mumbles some strange words.
You feel a wave of unholy energy pass over you.
The orc priest invokes the aid of Beogh against you.
Something smites you!
You die...

###.##.### ##..<....#
#........###.........
#..........+.........
#......).###.......>.
#........# ##.......#
#........# ##.....##
##.......# ##...##
#.......# ##+##
#.o@....# ##o######
#.# #o# #.....#
#.....# #....o..
#.....#.# #.....#...


You could see an orc priest, an orc wizard and an orc.

Vanquished Creatures
  4 adders
  A giant mite (D:2)
  4 giant geckos
  A ball python (D:1)
  7 bats
  3 giant cockroaches
  8 goblins
  10 hobgoblins
  9 jackals
  3 giant newts
  7 kobolds
  4 rats (D:1)
61 creatures vanquished.

Notes
Turn   | Place    | Note
--------------------------------------------------------------
     0 | D:1      | HollowCharge, the Tengu Fighter, began the quest for the Orb.
     0 | D:1      | Reached XP level 1. HP: 14/14 MP: 1/1
   415 | D:1      | Reached XP level 2. HP: 19/19 MP: 3/3
   622 | D:1      | Reached XP level 3. HP: 21/23 MP: 4/4
  1215 | D:2      | Reached skill level 1 in Dodging
  1215 | D:2      | Reached XP level 4. HP: 23/28 MP: 5/5
  1374 | D:2      | Found a snail-covered altar of Cheibriados.
  2295 | D:3      | Killed from afar by an orc priest

Action                   |  1- 3 |  4- 6 || total
-------------------------+-------+-------++-------
Melee: Falchion          |    82 |    94 ||   176
